 Dungeon Crawl Stone Soup version 0.17-a0-1481-gfdcec5c (webtiles) character file.

946 DarthRa the Shield-Bearer (level 7, -3/56 HPs)
             Began as a Deep Dwarf Artificer on July 4, 2015.
             Slain by a hell rat (8 damage)
             ... on level 5 of the Dungeon.
             The game lasted 00:36:18 (4441 turns).

DarthRa the Shield-Bearer (Deep Dwarf Artificer)    Turns: 4441, Time: 00:36:19

Health: -3/56      AC: 15    Str: 15    XL:     7   Next: 89%
Magic:  9/9        EV:  2    Int:  9    God:
Gold:   299        SH: 12    Dex: 14    Spells: 0 memorised, 6 levels left

rFire  . . .     SeeInvis .     a - +0 falchion (protect)
rCold  . . .     Clarity  .     q - +0 chain mail
rNeg   . . .     SustAt   .     o - +0 large shield
rPois  .         Gourm    .     (no helmet)
rElec  .         Spirit   .     (no cloak)
rCorr  .         Warding  .     (no gloves)
rMut   .         Stasis   .     (no boots)
MR     ++...                    (no amulet)
Stlth  ..........               r - +2 ring of protection
                                u - ring of flight

@: non-regenerating, very heavily drained, very resistant to hostile
enchantments, extremely unstealthy
A: damage resistance, recharge devices, dopey 2, magic resistance 1, sense
surroundings 1, slow healing 3
a: Device Recharging, Evoke Flight


You were on level 5 of the Dungeon.
You were very hungry.

You visited 1 branch of the dungeon, and saw 5 of its levels.

You collected 299 gold pieces.

Inventory:

Hand weapons
 a - a +0 falchion of protection (weapon)
 b - a +0 hunting sling
 j - a +0 whip of holy wrath
 C - a +1 whip of electrocution
 G - a +1 short sword of draining
Missiles
 i - 123 stones (quivered)
 k - a throwing net
Armour
 h - a +0 leather armour
 o - a +0 large shield (worn)
 q - a +0 chain mail (worn)
Jewellery
 r - a +2 ring of protection (right hand)
 u - a ring of flight (left hand)
 w - an uncursed ring of protection from cold {unknown}
Magical devices
 c - a wand of flame (0)
 d - a wand of enslavement (2)
 e - a wand of random effects (0)
 f - a wand of heal wounds (0)
 s - a wand of heal wounds (1)
Scrolls
 l - 4 scrolls of blinking
 n - 5 scrolls of identify
 t - 5 scrolls of remove curse
 x - a scroll of teleportation {unknown}
 y - a scroll of fear {unknown}
 z - a scroll of immolation {unknown}
 A - a scroll of random uselessness {unknown}
 E - a scroll of noise {unknown}
 F - a scroll of magic mapping {unknown}
Potions
 m - a potion of flight
Comestibles
 g - 4 bread rations
 p - 3 beef jerkies
 v - 3 meat rations
 B - 2 chunks of flesh
 D - 5 fruits
 H - a slice of pizza


   Skills:
 - Level 0.8(0.0) Fighting
 - Level 0.8(0.0) Short Blades
 * Level 5.4(2.2) Armour
 + Level 5.5(2.3) Dodging
 - Level 1.2(0.0) Stealth
 * Level 6.1(2.8) Shields
 - Level 4.0(0.9) Evocations


You had 6 spell levels left.
You didn't know any spells.

Dungeon Overview and Level Annotations

Branches:
Dungeon (5/15)
 Temple: D:4-7

Altars:
Ashenzari
Dithmenos
Elyvilon
Fedhas
Ru


Innate Abilities, Weirdness & Mutations

You are resistant to damage.
You can recharge devices by infusing magical energy.
You passively map a small area around you.
You do not heal naturally.
You are very dopey. (Int -4)
You are resistant to hostile enchantments.


Message History

Zapping:
s - a wand of heal wounds (2)
Press: ? - help, Shift-Dir - straight line, f - you, p - hell rat You feel much better.
This wand has 1 charge left.
You block the hell rat's attack.
Drink which item? (? for menu, Esc to quit)
Okay, then.
Take off which item? (? for menu, Esc to quit)
You block the hell rat's attack.
Keep disrobing?
You start removing your armour.
You continue taking off your +0 large shield.
The hell rat bites you!
You feel drained.
* * * LOW HITPOINT WARNING * * *
You continue taking off your +0 large shield.
The hell rat bites you!
* * * LOW HITPOINT WARNING * * *
You feel drained.
You continue taking off your +0 large shield.
The hell rat barely misses you. The hell rat bites you!
You die...

### ##.# #.## ##.# #.## ##.#
#.## ** ### ### ###.# #######
*
*#..####.####...####.....###
,
.........+..@r.((.'(......#,
.........#........#.......#..
.........#........#.......#..
*
.........#........#.......+..
, *#...###...##.##.##...##..
#...###...##.##+##...##.. ,*
, #.....................#..
,, +.....................#..
, ,#.....................#..


You could see a hell rat.

Vanquished Creatures
  Eustachio (D:5)
  A gnoll sergeant (D:3)
  A centaur (D:5)
  2 gnoll shamans (D:3)
  3 orc wizards
  An orc priest (D:3)
  A worker ant (D:5)
  A hell rat (D:5)
  18 gnolls
  2 adders
  A giant eyeball (D:3)
  A worm (D:3)
  5 giant geckos
  13 orcs
  2 ball pythons
  8 bats
  2 giant cockroaches
  9 hobgoblins
  19 jackals
  6 kobolds
  A quokka (D:4)
  5 giant newts
  6 goblins
  25 rats
  A plant (D:3)
135 creatures vanquished.

Vanquished Creatures (collateral kills)
  An ogre (D:3)
  A water moccasin zombie (D:5)
  9 gnolls (D:3)
  3 river rats (D:5)
  2 goblins
  A jackal (D:3)
  A giant gecko skeleton (D:3)
  7 rats (D:5)
25 creatures vanquished.

Vanquished Creatures (others)
  4 gnolls
4 creatures vanquished.

Grand Total: 164 creatures vanquished

Notes
Turn   | Place    | Note
--------------------------------------------------------------
     0 | D:1      | DarthRa the Deep Dwarf Artificer began the quest for the Orb.
     0 | D:1      | Reached XP level 1. HP: 16/16 MP: 3/3
   156 | D:1      | Reached XP level 2. HP: 22/24 MP: 5/5
   630 | D:1      | Reached XP level 3. HP: 10/30 MP: 6/6
   830 | D:2      | Found a blossoming altar of Fedhas.
  1013 | D:2      | Reached skill level 1 in Armour
  1237 | D:2      | Reached skill level 1 in Shields
  1609 | D:3      | Reached XP level 4. HP: 27/37 MP: 7/7
  1859 | D:3      | Reached XP level 5. HP: 33/43 MP: 8/8
  1956 | D:3      | Noticed an ogre
  1967 | D:3      | Killed an ogre
  1967 | D:3      | Reached XP level 6. HP: 18/50 MP: 9/9
  2649 | D:3      | Reached skill level 5 in Dodging
  2788 | D:3      | Reached XP level 7. HP: 30/56 MP: 9/9
  2868 | D:3      | Reached skill level 5 in Shields
  3023 | D:3      | Found a sacrificial altar of Ru.
  3026 | D:3      | Found a white marble altar of Elyvilon.
  3029 | D:3      | Found a shadowy altar of Dithmenos.
  3101 | D:3      | Paralysed by a giant eyeball for 4 turns
  3109 | D:3      | Paralysed by a giant eyeball for 3 turns
  3536 | D:4      | Found a shattered altar of Ashenzari.
  3895 | D:5      | Entered Level 5 of the Dungeon
  3960 | D:5      | Noticed Eustachio
  4013 | D:5      | Killed Eustachio
  4066 | D:5      | Reached skill level 5 in Armour
  4167 | D:5      | Reached skill level 6 in Shields
  4168 | D:5      | Gained mutation: You are resistant to hostile enchantments. [potion of mutation]
  4168 | D:5      | Gained mutation: You are dopey. (Int -2) [potion of mutation]
  4168 | D:5      | Gained mutation: You are very dopey. (Int -4) [potion of mutation]
  4441 | D:5      | Slain by a hell rat

Vault maps used:
D:1:      noname_arrival_rooms_in_the_neighbourhood, minmay_misc_feat_chi
D:2:      lemuel_doored_altar
D:3:      lemuel_castle_with_subvaults, grunt_temple_overflow_diamond
D:4:      cheibrodos_ashenzari_chains
D:5:      lemuel_ratsnest, first_bread, item_on_display_a, uniq_eustachio

Action                   |  1- 3 |  4- 6 |  7- 9 || total
-------------------------+-------+-------+-------++-------
Melee: Short sword       |   150 |   204 |   135 ||   489
       Spear             |    54 |    32 |       ||    86
       Mace              |       |    64 |       ||    64
       Falchion          |       |       |    90 ||    90
 Fire: Hunting sling     |     6 |     8 |     4 ||    18
Throw: Stone             |    46 |    43 |    76 ||   165
       Tomahawk          |       |     7 |       ||     7
 Abil: Device Recharging |       |     1 |       ||     1
Evoke: Wand              |    10 |    21 |    23 ||    54
  Use: Potion            |       |     6 |     2 ||     8
       Scroll            |       |       |     5 ||     5
 Stab: Sleeping          |     1 |       |       ||     1
       Invisible         |       |     2 |       ||     2
       Confused          |       |       |     1 ||     1
  Eat: Chunk             |     2 |     6 |     4 ||    12
